 Dungeon Crawl Stone Soup version 0.31-a0-185-g9dded2c639 (webtiles) character file.

Game seed: 4236450991834187632

1033 qw the Skirmisher (level 8, -1/47 HPs)
             Began as a Deep Elf Hunter on June 22, 2023.
             Slain by a gnoll sergeant
             ... wielding a +3 spear of flaming
              (4 damage)
             ... on level 4 of the Dungeon.
             The game lasted 00:01:59 (4414 turns).

qw the Skirmisher (Deep Elf Hunter)                 Turns: 4414, Time: 00:01:59

Health: -1/47      AC:  7    Str: 10    XL:     8   Next: 3%
Magic:  10/10      EV: 11    Int: 15    God:
Gold:   213        SH:  0    Dex: 18    Spells: 7/7 levels left

rFire   + . .        Y - +1 shortbow
rCold   . . .        (shield currently unavailable)
rNeg    . . .        e - +0 ring mail
rPois   .            d - +0 helmet
rElec   .            (no cloak)
rCorr   .            (no gloves)
SInv    .            g - +0 pair of boots
Will    .....        c - amulet of the acrobat
Stlth   +            o - ring of protection from fire
HPRegen 0.27/turn    (no ring)
MPRegen 0.12/turn

%: acrobat
@: no status effects
A: no striking features
a: no special abilities


You were on level 4 of the Dungeon.
You visited 1 branch of the dungeon, and saw 5 of its levels.

You collected 213 gold pieces.


   Skills:
 - Level 3.6 Fighting
 + Level 11.7 Ranged Weapons
 - Level 1.0 Armour
 - Level 3.3 Dodging
 - Level 1.2 Stealth


You had 7 spell levels left.
You didn't know any spells.
Your spell library was empty.

Inventory:

Hand Weapons
 Y - a +1 shortbow (weapon)
Armour
 d - a +0 helmet (worn)
 e - a +0 ring mail (worn)
 g - a +0 pair of boots (worn)
Jewellery
 c - an amulet of the acrobat (around neck)
 h - a ring of fire
 o - a ring of protection from fire (left hand)
Scrolls
 n - a scroll of identify
Potions
 a - a potion of invisibility {unknown}
 f - a potion of mutation {unknown}
 i - a potion of might {unknown}
 j - a potion of curing {unknown}
 m - a potion of enlightenment {unknown}

Dungeon Overview and Level Annotations

Branches:
Dungeon (5/15)
 Temple: D:4-7

Altars:
Dithmenos
Makhleb
Nemelex Xobeh
Qazlal
Ru
Vehumet


Message History

The gnoll sergeant hits you but does no damage.
You shoot an arrow. The arrow hits the gnoll sergeant.
The gnoll sergeant is moderately wounded.
The gnoll sergeant hits you with a +3 spear of flaming!
The gnoll sergeant burns you.
You shoot an arrow.
The arrow hits the gnoll sergeant but does no damage.
The gnoll sergeant is moderately wounded.
The gnoll sergeant closely misses you.
You shoot an arrow. The arrow hits the gnoll sergeant!
The gnoll sergeant is severely wounded.
The gnoll sergeant hits you with a +3 spear of flaming.
The gnoll sergeant burns you.
You shoot an arrow. The arrow hits the gnoll sergeant!
The gnoll sergeant is almost dead.
You shoot an arrow.
The arrow hits the gnoll sergeant but does no damage.
The gnoll sergeant is almost dead.
The gnoll sergeant hits you with a +3 spear of flaming.
The gnoll sergeant burns you.
You shoot an arrow. The arrow hits the gnoll sergeant.
The gnoll sergeant is almost dead.
The gnoll sergeant hits you with a +3 spear of flaming!
The gnoll sergeant burns you. The gnoll sergeant closely misses you.
You shoot an arrow.
The arrow hits the gnoll sergeant but does no damage.
The gnoll sergeant is almost dead.
The gnoll sergeant closely misses you.
You shoot an arrow.
The arrow hits the gnoll sergeant but does no damage.
The gnoll sergeant is almost dead.
You shoot an arrow.
The arrow hits the gnoll sergeant but does no damage.
The gnoll sergeant is almost dead.
The gnoll sergeant hits you with a +3 spear of flaming.
You shoot an arrow.
The arrow hits the gnoll sergeant but does no damage.
The gnoll sergeant is almost dead.
The gnoll sergeant hits you with a +3 spear of flaming.
You die...

#...#######7 ##..7.
#.........)########..7.
#........###......###.7
#.......## #.####.# #.7
#.......# #.# #.#####
###.....# #.# #......
#.#.### #.# #####...
#######.#(######.# #.......
#........)@g.....###)###.##
#.#####..#(#####..##.###.#
#.# #<#...#..........).)##
#.# #.#.#...........##...#
#.# #.#.#.#.###...........
#.####.#.#.#:# #...#####.##
#......#.#.#)###.........#
########.#.#.....#...######
#.......#.#######......##.


You could see a gnoll sergeant.

Vanquished Creatures
  Grinder (D:3)
  Sigmund (D:3)
  2 ogres (D:4)
  2 kobold brigands (D:4)
  A scorpion (D:4)
  2 orc priests (D:4)
  A hound (D:4)
  2 orc wizards (D:4)
  3 gnolls (D:4)
  2 adders
  An ufetubus (D:5)
  2 dart slugs (D:4)
  6 orcs
  11 ball pythons
  7 endoplasms
  4 giant cockroaches
  8 goblins
  6 hobgoblins
  4 quokkas
  3 bats (D:1)
  4 frilled lizards
  32 kobolds
  5 rats
110 creatures vanquished.

Notes
Turn   | Place    | Note
-------+----------+-------------------------------------------
     0 | D:1      | qw the Deep Elf Hunter began the quest for the Orb.
     0 | D:1      | Reached XP level 1. HP: 12/12 MP: 3/3
     0 | D:1      | 0 ||| qw: Version: 0.3-a-9-g12657ce
     0 | D:1      | 0 ||| qw: Game counter: 1913
     0 | D:1      | 0 ||| qw: Always use a shield: true
     0 | D:1      | 0 ||| qw: God list: Okawaru
     0 | D:1      | 0 ||| qw: Allow faded altars: false
     0 | D:1      | 0 ||| qw: Do Orc after D:15 true
     0 | D:1      | 0 ||| qw: Do second Lair branch before Depths: true
     0 | D:1      | 0 ||| qw: Lair rune preference: random
     0 | D:1      | 0 ||| qw: Plans: Normal
     0 | D:1      | 0 ||| PLANNING D:1-11
    79 | D:1      | Reached XP level 2. HP: 16/16 MP: 4/4
    80 | D:1      | Reached skill level 6 in Ranged Weapons
   665 | D:1      | 665 ||| UPGRADING to +0 helmet.
   670 | D:1      | 670 ||| UPGRADING to +0 ring mail.
   680 | D:1      | 680 ||| DROPPING +0 leather armour.
   681 | D:1      | 681 ||| READING scroll labelled VOOLORY QIRRAU.
   682 | D:1      | 682 ||| READING scroll labelled VOHOCS OGAQ.
   683 | D:1      | 683 ||| DROPPING scroll of butterflies.
   734 | D:2      | Reached XP level 3. HP: 20/20 MP: 5/5
   834 | D:2      | Found a faded altar of an unknown god.
   835 | D:2      | Noticed a golden eye
   849 | D:2      | Noticed an eye of devastation
   853 | D:2      | Noticed a floating eye
   853 | D:2      | Noticed an eye of devastation
  1601 | D:2      | 1601 ||| UPGRADING to +0 pair of boots.
  1606 | D:2      | 1606 ||| READING scroll labelled WOUKHL UNLU.
  1607 | D:2      | 1607 ||| READING scroll labelled HAZETZ BIAC.
  1612 | D:2      | 1612 ||| READING scroll labelled ZILO UKHOVOI.
  1613 | D:2      | 1613 ||| READING scroll labelled BUOKETYUSIS.
  1615 | D:2      | 1615 ||| Stepping ~*~*~tactically~*~*~ (cloud).
  1619 | D:2      | HP: 5/20 [poisoned by you (poison gas)]
  1714 | D:3      | Noticed Sigmund
  1715 | D:3      | 1715 ||| STAIRDANCE
  1721 | D:2      | Reached skill level 7 in Ranged Weapons
  1730 | D:3      | 1730 ||| STAIRDANCE
  1778 | D:3      | 1778 ||| STAIRDANCE
  1822 | D:3      | 1822 ||| STAIRDANCE
  1837 | D:3      | 1837 ||| STAIRDANCE
  1870 | D:3      | Killed Sigmund
  1871 | D:3      | Reached skill level 9 in Ranged Weapons
  1871 | D:3      | Reached XP level 4. HP: 25/25 MP: 6/6
  1871 | D:3      | Reached XP level 5. HP: 29/29 MP: 7/7
  1930 | D:3      | Found a stormy altar of Qazlal.
  1930 | D:3      | Found a radiant altar of Vehumet.
  1940 | D:3      | Found a shadowy altar of Dithmenos.
  1943 | D:3      | Found a sparkling altar of Nemelex Xobeh.
  1945 | D:3      | Found a sacrificial altar of Ru.
  2079 | D:3      | Found a burning altar of Makhleb.
  2080 | D:3      | Noticed an Executioner
  2125 | D:3      | Noticed Grinder
  2133 | D:3      | Killed Grinder
  2134 | D:3      | Reached skill level 3 in Fighting
  2134 | D:3      | Reached XP level 6. HP: 33/37 MP: 8/8
  2479 | D:3      | 2479 ||| UPGRADING to amulet of the acrobat.
  2484 | D:3      | 2484 ||| DRINKING 3 smoky amethyst potions.
  2570 | D:4      | Reached skill level 1 in Armour
  2591 | D:4      | Reached XP level 7. HP: 27/41 MP: 9/9
  3109 | D:4      | Reached skill level 10 in Ranged Weapons
  3242 | D:4      | Reached skill level 3 in Dodging
  3263 | D:4      | 3263 ||| Stepping ~*~*~tactically~*~*~ (outnumbered).
  3265 | D:4      | 3265 ||| Stepping ~*~*~tactically~*~*~ (outnumbered).
  3269 | D:4      | 3269 ||| Stepping ~*~*~tactically~*~*~ (outnumbered).
  3285 | D:4      | 3285 ||| FLEEEEING.
  3286 | D:4      | 3286 ||| FLEEEEING.
  3287 | D:4      | 3287 ||| FLEEEEING.
  3288 | D:4      | 3288 ||| FLEEEEING.
  3290 | D:4      | 3290 ||| FLEEEEING.
  3291 | D:4      | 3291 ||| FLEEEEING.
  3292 | D:4      | 3292 ||| FLEEEEING.
  3293 | D:4      | 3293 ||| FLEEEEING.
  3294 | D:4      | 3294 ||| FLEEEEING.
  3295 | D:4      | 3295 ||| FLEEEEING.
  3296 | D:4      | 3296 ||| FLEEEEING.
  3297 | D:4      | 3297 ||| FLEEEEING.
  3298 | D:4      | 3298 ||| FLEEEEING.
  3299 | D:4      | 3299 ||| FLEEEEING.
  3300 | D:4      | 3300 ||| FLEEEEING.
  3301 | D:4      | 3301 ||| FLEEEEING.
  3302 | D:4      | 3302 ||| FLEEEEING.
  3303 | D:4      | 3303 ||| FLEEEEING.
  3304 | D:4      | 3304 ||| FLEEEEING.
  3305 | D:4      | 3305 ||| FLEEEEING.
  3306 | D:4      | 3306 ||| FLEEEEING.
  3307 | D:4      | 3307 ||| FLEEEEING.
  3392 | D:4      | 3392 ||| Stepping ~*~*~tactically~*~*~ (outnumbered).
  3639 | D:4      | 3639 ||| UPGRADING to ring of protection from fire.
  3640 | D:4      | 3640 ||| READING 2 scrolls labelled KEAQAP CASSUZA.
  3641 | D:4      | 3641 ||| Stepping ~*~*~tactically~*~*~ (water).
  3850 | D:4      | 3850 ||| DRINKING 3 cyan potions.
  3851 | D:4      | 3851 ||| DROPPING scroll of amnesia.
  3852 | D:4      | 3852 ||| DROPPING 2 potions of attraction.
  3879 | D:5      | Entered Level 5 of the Dungeon
  3884 | D:5      | 3884 ||| STAIRDANCE
  3942 | D:5      | 3942 ||| STAIRDANCE
  3955 | D:4      | HP: 10/41 [kobold/+0 club (2)]
  3956 | D:4      | 3956 ||| DRINKING 2 potions of heal wounds.
  3989 | D:5      | 3989 ||| STAIRDANCE
  3999 | D:4      | Reached skill level 11 in Ranged Weapons
  4000 | D:4      | HP: 9/41 [gnoll/+0 club[a gnoll sergeant] (3)]
  4001 | D:4      | 4001 ||| DRINKING potion of heal wounds.
  4042 | D:5      | 4042 ||| STAIRDANCE
  4061 | D:5      | 4061 ||| STAIRDANCE
  4070 | D:4      | HP: 9/41 [kobold brigand/+0 short sword (4)]
  4076 | D:4      | HP: 9/41 [kobold brigand/+0 short sword (1)]
  4215 | D:5      | 4215 ||| STAIRDANCE
  4258 | D:5      | 4258 ||| STAIRDANCE
  4265 | D:4      | Reached XP level 8. HP: 13/47 MP: 10/10
  4399 | D:5      | 4399 ||| STAIRDANCE
  4410 | D:4      | HP: 5/47 [gnoll sergeant/+3 spear of flaming (9)]
  4414 | D:4      | Slain by a gnoll sergeant

Levels and vault maps discovered:
D:1:      spicycebolla_arrival_xxxplode, layout_loops_ring
D:2:      minmay_spotlight, layout_basic,
          hellmonk_ecumenical_altar_watching_god, serial_bayou_lagoon_a
D:3:      layout_loops_ring, chequers_temple_overflow_minitemple,
          makhleb_altar_promises_db, dk_noncrumbling_3, kennysheep_path_1,
          uniq_sigmund, uniq_grinder
D:4:      kennysheep_kobold_camp, layout_basic, minmay_misc_feat_encased,
          chequers_serial_rivers_small_a, serial_bayou_ford_a,
          supply_closet_lemuel
D:5:      layout_layer_cave, grunt_gozag_statues, temple_hall_moat,
          minmay_misc_feat_plants

Skill      XL: |  1  2  3  4  5  6  7 |
---------------+----------------------+-----
Ranged Weapons | 6 9 11 | 11.7
Fighting       | 3 |  3.6
Armour         | 1 |  1.0
Dodging        | 3 |  3.3
Stealth        | |  1.2

Action                     |  1- 3 |  4- 6 |  7- 9 || total
---------------------------+-------+-------+-------++-------
   Fire: Shortbow          |   102 |    69 |   186 ||   357
    Use: Scroll            |     6 |       |     1 ||     7
         Potion            |       |     1 |     3 ||     4
 Armour: Leather armour    |     5 |       |       ||     5
         Ring mail         |     6 |     6 |    59 ||    71
  Dodge: Dodged            |    27 |     4 |   108 ||   139

Table legend:
 A = Non-vault XP
 B = Vault XP
 C = Vault XP percentage of total XP
 D = Non-vault monster count
 E = Vault monster count
 F = Vault count percentage of total count
                 A         B        C        D         E       F
            +---------+---------+-------+---------+---------+-------
      Total |     820 |     657 |  44.5 |      84 |      26 |  23.6
            +---------+---------+-------+---------+---------+-------
        D:1 |      39 |       0 |   0.0 |      25 |       0 |   0.0
        D:2 |      19 |       6 |  24.0 |      11 |       3 |  21.4
        D:3 |      57 |     529 |  90.3 |      22 |       2 |   8.3
        D:4 |     696 |     122 |  14.9 |      24 |      21 |  46.7
        D:5 |       9 |       0 |   0.0 |       2 |       0 |   0.0
            +---------+---------+-------+---------+---------+-------
